 Dungeon Crawl Stone Soup version 0.29-a0-234-g0dae59b3db (webtiles) character file.

Game seed: 3958999453588329077

6022 enile the Fighter (level 10, -1/142 HPs)
             Began as a Minotaur Fighter on Mar 2, 2022.
             Was an Initiate of Gozag.
             Slain by Snorg (13 damage)
             ... on level 10 of the Dungeon.
             The game lasted 00:18:37 (11305 turns).

enile the Fighter (Minotaur Fighter)               Turns: 11305, Time: 00:18:37

Health: -1/142     AC: 15    Str: 23    XL:     10   Next: 56%
Magic:  9/9        EV: 12    Int:  4    God:    Gozag
Gold:   178        SH:  6    Dex: 14    Spells: 9/9 levels left

rFire   + + +      SeeInvis +   K - +1 broad axe of Amilaxeh {vorpal, Stlth+}
rCold   . . .      Faith    .   c - +0 buckler
rNeg    + . .      Spirit   .   L - +0 plate armour
rPois   +          Reflect  .   (helmet restricted)
rElec   +          Harm     .   w - +0 cloak of Sloth {rF+++ rC- Int-4 Dex+2}
rCorr   +          Rampage  .   (no gloves)
Will    +....                   (no boots)
Stlth   ..........              (no amulet)
HPRegen 0.33/turn               T - ring of Awosaep {rElec rN+ Will+ Int+3 SInv}
MPRegen 0.11/turn               C - +4 ring of evasion

@: berserking, resistant, hasted, very quick
A: horns 2, retaliatory headbutt
a: Renounce Religion, Potion Petition, Call Merchant, Bribe Branch


You were on level 10 of the Dungeon.
You worshipped Gozag.
Gozag was aware of your devotion.
You visited 1 branch of the dungeon, and saw 10 of its levels.

You collected 1718 gold pieces.
You spent 1050 gold pieces at shops.
You paid 490 gold pieces to Gozag.

Inventory:

Hand Weapons
 a - a +1 vorpal war axe
 J - the +11 battleaxe of the Arena {drain, rPois Int+7}
   (You bought it in a shop on level 8 of the Dungeon)

   A truly terrible weapon, it drains the life of any living foe it strikes.
   Int:       It affects your intelligence (+7).
   rPois:     It protects you from poison.
 K - the +1 broad axe of Amilaxeh (weapon) {vorpal, Stlth+}
   (You bought it in a shop on level 8 of the Dungeon)

   It inflicts extra damage upon your enemies.
   Stlth:     It makes you more stealthy.
 R - a +1 broad axe
Missiles
 O - 9 javelins
 P - 3 silver boomerangs (quivered)
 S - 9 poisoned darts
Armour
 b - a +0 scale mail
 c - a +0 buckler (worn)
 k - a +0 pair of boots
 l - a scarf of harm
 u - a +0 chain mail
 w - the +0 cloak of Sloth (worn) {rF+++ rC- Int-4 Dex+2}
   (You bought it in a shop on level 8 of the Dungeon)

   Int:       It affects your intelligence (-4).
   Dex:       It affects your dexterity (+2).
   rF:        It renders you almost immune to fire.
   rC:        It makes you vulnerable to cold.
 y - the +2 leather armour "Reir" {Contam Str+5}
   (You found it on level 6 of the Dungeon)

   Str:       It affects your strength (+5).
   Contam:    It causes magical contamination when unequipped.
 L - a +0 plate armour (worn)
Jewellery
 f - a ring of fire
 m - an amulet of magic regeneration
 n - a ring of protection from fire
 q - a ring of wizardry
 C - a +4 ring of evasion (right hand)
 E - a ring of protection from cold
 T - the ring of Awosaep (left hand) {rElec rN+ Will+ Int+3 SInv}
   (You found it on level 10 of the Dungeon)

   [ring of positive energy]

   Int:       It affects your intelligence (+3).
   rElec:     It insulates you from electricity.
   rN:        It protects you from negative energy.
   SInv:      It lets you see invisible.
   Will:      It increases your willpower.
Wands
 D - a wand of polymorph (5)
 H - a wand of iceblast (9)
Scrolls
 h - 3 scrolls of enchant armour
 j - a scroll of vulnerability
 p - 3 scrolls of silence
 s - 3 scrolls of immolation
 z - a scroll of amnesia {unknown}
 G - a scroll of summoning
 I - 2 scrolls of identify
 M - a scroll of blinking
 N - a scroll of fear {unknown}
Potions
 d - 2 potions of might
 e - a potion of flight
 g - 3 potions of heal wounds
 i - a potion of brilliance {unknown}
 o - a potion of resistance {unknown}
 r - a potion of cancellation {unknown}
 t - 3 potions of haste
 v - 2 potions of degeneration
 x - a potion of magic {unknown}
 A - a potion of mutation {unknown}
 B - 2 potions of curing
 F - a potion of invisibility {unknown}
 Q - 3 potions of lignification {unknown}


   Skills:
 - Level 11.0 Fighting
 - Level 8.0 Axes
 + Level 8.0 Armour
 - Level 5.0 Dodging
 - Level 7.0 Shields
 - Level 7.0 Evocations


You had 9 spell levels left.
You didn't know any spells.
Your spell library contained the following spells:

 Spells                   Type           Power      Damage    Failure   Level
 Slow                     Hex            0%         N/A       100%        1
 Summon Small Mammal      Summ           0%         N/A       100%        1
 Ensorcelled Hibernation  Hex/Ice        0%         N/A       100%        2
 Passwall                 Tmut/Erth      0%         N/A       100%        2
 Call Canine Familiar     Summ           0%         N/A       100%        3
 Confusing Touch          Hex            0%         N/A       100%        3
 Gell's Gravitas          Tloc           0%         N/A       100%        3
 Lesser Beckoning         Tloc           0%         N/A       100%        3
 Portal Projectile        Hex/Tloc       0%         N/A       100%        3
 Summon Guardian Golem    Hex/Summ       0%         N/A       100%        3
 Swiftness                Air            0%         N/A       100%        3
 Teleport Other           Tloc           0%         N/A       100%        3
 Vampiric Draining        Necr           0%         2d6       100%        3
 Blade Hands              Tmut           0%         N/A       100%        5
 Excruciating Wounds      Necr           0%         N/A       100%        5


Dungeon Overview and Level Annotations

Branches:
Dungeon (10/15)            Temple (0/1) D:7             Orc (0/2) D:9
   Lair: D:8-11

Altars:
Ashenzari
Dithmenos
Gozag
Hepliaklqana
Sif Muna
Vehumet
Wu Jian
Yredelemnul
Zin
The Shining One

Shops:
D:2 *   D:5 [=:   D:8 ((*!   D:9 [   D:10 *

Annotations:
D:6 3 runed translucent doors, indyram44's ghost, novice DrTm
D:9 exclusion: obsidian statue
D:10 2 runed translucent doors, Foxy's ghost, journeyman MfBe; Snorg


Innate Abilities, Weirdness & Mutations

You have a pair of horns on your head.
You reflexively headbutt those who attack you in melee.


Message History

* * * LOW HITPOINT WARNING * * *
[a] - 420 gold - heal wounds, berserk rage and resistance [b] - 504 gold - resistance and invisibility [c] - 160 gold - might and brilliance Purchase which effect?
You no longer have enough gold to petition Gozag for potion effects.
You feel much better.
A red film seems to cover your vision as you go berserk!
You feel yourself moving faster!
You feel mighty!
You feel protected. You block Snorg's attack. Snorg claws you!
* * * LOW HITPOINT WARNING * * *
You block Snorg's attack.
You slash Snorg! Your headbutt misses Snorg.
Snorg is heavily wounded.
Snorg closely misses you. You furiously retaliate!
You headbutt Snorg! Snorg claws you.
* * * LOW HITPOINT WARNING * * *
Snorg claws you.
* * * LOW HITPOINT WARNING * * *
You slash Snorg! You headbutt Snorg!
Snorg is almost dead.
You block Snorg's attack. Snorg claws you!
* * * LOW HITPOINT WARNING * * *
Snorg claws you but does no damage.
You closely miss Snorg.
Snorg is almost dead.
Snorg misses you. You furiously retaliate!
You headbutt Snorg! You block Snorg's attack. Snorg closely misses you.
You closely miss Snorg.
Snorg is almost dead.
Snorg bites you.
* * * LOW HITPOINT WARNING * * *
Snorg misses you. You block Snorg's attack.
You closely miss Snorg. You headbutt Snorg.
Snorg is almost dead.
Snorg bites you but does no damage. Snorg claws you but does no damage. x2
You block Snorg's attack. Snorg claws you but does no damage. Snorg claws you!
You die...
Your body crumbles into a pile of gold.

..........# #...##..##.......##.
..........# #...##..##.......##.
..###.....# #...##..##..........
#.# #.....# #...##..##......####
#.# #.....# #...##..##......###ยง
#.#
#.....####...##..##......#โ‰ˆ#โ‰ˆ
#.#
#............##..##......##โ‰ˆ.
#.# #...........T##..##......##..
#.# #.....#####.@##..##......#...
#.# #o##..# #......##..###.####
#.# #.##..# #.###......# #..#..
#.###.##..# #.# #......# #..#..
#[....##..# #.# #.##...# #..###
.)....##..# #.# #.##...# #..# #
...##.##.># #.# #.##...# #..# #
...##.##..# #.# #.##...# #..# #
...##.##..# #.# #.##...# #..# #


You could see Snorg (berserk).

Vanquished Creatures
  A two-headed ogre (D:8)
  Urug (D:10)
  A troll (D:10)
  A vampire (D:9)
  A wraith (D:10)
  3 yaks (D:9)
  2 wyverns
  A steam dragon (D:8)
  3 vampire mosquitoes
  2 black bears
  An ice beast (D:8)
  5 orc warriors
  2 ogres
  3 centaurs
  A phantom (D:7)
  4 kobold brigands
  A gnoll sergeant (D:6)
  2 bullfrogs
  A necrophage (D:6)
  A howler monkey (D:5)
  2 hounds
  4 orc priests
  2 gnoll shamans (D:7)
  4 jellies
  An iguana (D:7)
  5 orc wizards
  12 gnolls
  9 adders
  A shadow imp (D:8)
  2 white imps
  2 ufetubi
  2 worms
  2 dart slugs
  35 orcs
  6 ball pythons
  5 endoplasms
  2 giant cockroaches
  10 goblins
  4 hobgoblins
  5 jackals
  24 kobolds
  7 quokkas
  4 frilled lizards
  10 rats
197 creatures vanquished.

Vanquished Creatures (collateral kills)
  A black bear (D:6)
  An ogre (D:6)
  A centaur (D:9)
  A phantom (D:6)
  A scorpion (D:6)
  A jelly (D:6)
  An orc priest (D:9)
  An ufetubus (D:6)
8 creatures vanquished.

Vanquished Creatures (others)
  A sky beast (D:8)
  55 plants (D:2)
56 creatures vanquished.

Grand Total: 261 creatures vanquished

Notes
Turn   | Place    | Note
-------+----------+-------------------------------------------
     0 | D:1      | enile the Minotaur Fighter began the quest for the Orb.
     0 | D:1      | Reached XP level 1. HP: 19/19 MP: 0/0
    43 | D:1      | Reached skill level 4 in Fighting
   177 | D:1      | Reached XP level 2. HP: 28/28 MP: 1/1
   924 | D:2      | Found Titimit's General Store.
   933 | D:2      | Bought a potion of might for 52 gold pieces
  1001 | D:2      | Reached skill level 5 in Fighting
  1021 | D:2      | Reached XP level 3. HP: 28/35 MP: 2/2
  1744 | D:3      | Reached skill level 6 in Fighting
  1744 | D:3      | Reached XP level 4. HP: 42/44 MP: 3/3
  2026 | D:3      | Reached skill level 7 in Fighting
  2026 | D:3      | Reached XP level 5. HP: 38/52 MP: 4/4
  2572 | D:3      | Found a radiant altar of Vehumet.
  2718 | D:4      | Noticed a black bear
  2787 | D:3      | Killed a black bear
  2788 | D:3      | Reached XP level 6. HP: 56/60 MP: 5/5
  2828 | D:4      | Reached skill level 5 in Shields
  2974 | D:4      | Found an opulent altar of Gozag.
  2983 | D:4      | Became a worshipper of Gozag Ym Sagoz the Greedy
  3588 | D:5      | Entered Level 5 of the Dungeon
  3588 | D:5      | Found a shadowy altar of Dithmenos.
  3621 | D:5      | Reached skill level 8 in Fighting
  3621 | D:5      | Reached XP level 7. HP: 41/68 MP: 6/6
  3763 | D:5      | Found Xuaduc's Book Boutique.
  3767 | D:5      | Reached skill level 5 in Axes
  3918 | D:5      | Found Hevysa's Armour Emporium.
  4027 | D:5      | Found Qavazoa's Jewellery Shop.
  4593 | D:5      | Found a glowing golden altar of the Shining One.
  4600 | D:5      | Noticed an angel
  4611 | D:5      | Found a basalt altar of Yredelemnul.
  4813 | D:5      | Found a hazy altar of Hepliaklqana.
  5070 | D:6      | Noticed a vampire mosquito
  5070 | D:6      | Noticed a vampire mosquito
  5072 | D:6      | Noticed a vampire mosquito
  5085 | D:5      | Killed a vampire mosquito
  5237 | D:6      | Reached XP level 8. HP: 65/74 MP: 7/7
  5247 | D:6      | Reached skill level 5 in Armour
  6042 | D:6      | Reached skill level 9 in Fighting
  6224 | D:6      | Found a runed translucent gate.
  6251 | D:6      | Found a runed translucent gate.
  6251 | D:6      | Found a runed translucent gate.
  6266 | D:6      | Noticed indyram44's ghost (novice DrTm)
  6340 | D:6      | Found a shimmering blue altar of Sif Muna.
  6545 | D:6      | Identified the +2 leather armour "Reir" {Contam Str+5}
  6779 | D:7      | Found a broken altar of Ashenzari.
  7183 | D:7      | Reached XP level 9. HP: 80/83 MP: 8/8
  7394 | D:7      | Found a staircase to the Ecumenical Temple.
  7688 | D:9      | Reached skill level 10 in Fighting
  8087 | D:8      | Reached skill level 11 in Fighting
  8087 | D:8      | Reached skill level 1 in Dodging
  8156 | D:8      | Noticed a two-headed ogre
  8369 | D:8      | Found a glowing silver altar of Zin.
  8545 | D:8      | Killed a two-headed ogre
  8546 | D:8      | Reached skill level 5 in Dodging
  8831 | D:8      | Found an ornate altar of the Wu Jian Council.
  8907 | D:8      | Found Efocwynonn's Weapon Emporium.
  8909 | D:8      | Found Ygoa's Distillery.
  8909 | D:8      | Found Wasicaps's Weapon Emporium.
  8912 | D:8      | Found Fogob's Assorted Antiques.
  8935 | D:8      | Bought a potion of haste for 140 gold pieces
  8935 | D:8      | Bought a potion of heal wounds for 70 gold pieces
  8935 | D:8      | Bought a potion of heal wounds for 70 gold pieces
  8935 | D:8      | Bought 2 potions of degeneration for 28 gold pieces
  8938 | D:8      | Bought a pitted cloak for 218 gold pieces
  8938 | D:8      | Identified the +0 cloak of Sloth {rF+++ rC- Int-4 Dex+2}
                  | (You bought it in a shop on level 8 of the Dungeon)
  8938 | D:8      | Bought a crude battleaxe for 264 gold pieces
  8938 | D:8      | Identified the +11 battleaxe of the Arena {drain, rPois
                  | Int+7} (You bought it in a shop on level 8 of the Dungeon)
  8951 | D:8      | Bought the +1 broad axe of Amilaxeh {vorpal, Stlth+} for
                  | 208 gold pieces
  9002 | D:9      | Noticed an obsidian statue
  9100 | D:9      | Reached XP level 10. HP: 58/95 MP: 9/9
  9608 | D:9      | Found a staircase to the Orcish Mines.
  9616 | D:9      | Reached skill level 5 in Evocations
  9626 | D:9      | Found Erchohep's Armour Shoppe.
  9842 | D:10     | Entered Level 10 of the Dungeon
  9892 | D:10     | Noticed Urug
  9907 | D:10     | Killed Urug
 10919 | D:10     | Found Cocin's Lightly-Used Armoury.
 10922 | D:10     | Identified the ring of Awosaep {rElec rN+ Will+ Int+3 SInv}
 11153 | D:10     | Identified the +1 leather armour of Doomed Awe {rElec rC+
                  | Str-5 Int+3}
 11189 | D:10     | Found a large runed translucent door.
 11189 | D:10     | Found a large runed translucent door.
 11193 | D:10     | Noticed Foxy's ghost (journeyman MfBe)
 11284 | D:10     | Noticed Snorg
 11305 | D:10     | Slain by Snorg

Illustrated notes

Levels and vault maps discovered:
D:1:      elethiomel_arrival_maze, layout_basic
D:2:      layout_loops_ring, serial_shops, shop, kennysheep_boxes
D:3:      layout_basic, nicolae_vehumet_radiance
D:4:      layout_cave_pools, nicolae_gozag_cash_rules_everything_around_me,
          chequers_serial_rivers_room_a
D:5:      layout_layer_cave, worldfamousw_hep_ancestral_shrine,
          grunt_temple_overflow_holy_war, grunt_dithmenos_smoke_and_mirrors,
          serial_shops, nicolae_lakefront_shop, nicolae_shop_statue_plus,
          nicolae_take_the_stairs, amcnicky_mini_pool_medium
D:6:      layout_cave_pools, general_overflow_altar, gammafunk_ghost_necromancy
D:7:      layout_rooms, evilmike_ruin_ashenzari, minmay_temple_entry_nine_rooms
D:8:      layout_basic, mainiacjoe_overflow_tiny_flanked,
          nicolae_wu_jian_immortal_techniques, minmay_shop_grid_forest
D:9:      layout_rooms, orc_david_3, palyth_stone_intersect, minivault_16
D:10:     layout_long_grid, nicolae_qazlal_scattered_showers,
          ebering_ghost_disaster_area, minmay_shop_damaged, uniq_urug,
          uniq_snorg

Skill      XL: |  1  2  3  4  5  6  7  8  9 10 |
---------------+-------------------------------+-----
Fighting       | 4 5 6 7 8 9 11 | 11.0
Axes           | 4 8 |  8.0
Shields        | 4 5 7 |  7.0
Armour         | 4 7 8 |  8.0
Dodging        | 5 |  5.0
Evocations     | 4 7 |  7.0

Action                   |  1- 3 |  4- 6 |  7- 9 | 10-12 || total
-------------------------+-------+-------+-------+-------++-------
Melee: War axe           |    74 |    68 |   192 |       ||   334
       Headbutt          |    14 |     9 |    44 |    28 ||    95
       Broad axe         |       |       |    11 |   131 ||   142
Throw: Boomerang         |       |       |       |     4 ||     4
Invok: Potion Petition   |       |       |       |     1 ||     1
Evoke: Wand              |       |       |     5 |       ||     5
  Use: Potion            |     2 |       |     2 |     1 ||     5
       Scroll            |       |       |    16 |       ||    16
 Stab: Distracted        |       |       |     1 |       ||     1
Armor: Scale mail        |    27 |    37 |     7 |       ||    71
       Chain mail        |       |       |    83 |     1 ||    84
       Plate armour      |       |       |       |    54 ||    54
Dodge: Dodged            |    32 |    48 |    89 |    69 ||   238
Block: Buckler           |    14 |    21 |    61 |    39 ||   135

Table legend: (Time is in decaauts)
 A = Elapsed time spent in this place.
 B = Non-inter-level travel time spent in this place.
 C = Inter-level travel time spent in this place.
 D = Time resting spent in this place.
 E = Time spent auto-exploring this place.
 F = Levels seen in this place.
 G = Mean time per level.
                   A        B        C        D        E       F      G
               +--------+--------+--------+--------+--------+-----+--------+
         Total |  11432 |  10839 |    593 |    255 |   8897 |  10 | 1143.2 |
       Dungeon |  11432 |  10839 |    593 |    255 |   8897 |  10 | 1143.2 |
               +--------+--------+--------+--------+--------+-----+--------+

Top non-repeatable levels by time:
     D:5: 1672 daAuts
     D:6: 1417 daAuts
     D:9: 1356 daAuts
    D:10: 1243 daAuts
     D:8: 1158 daAuts
     D:3: 1079 daAuts
     D:7: 938 daAuts
     D:2: 920 daAuts
     D:4: 885 daAuts
     D:1: 760 daAuts
